Map: [ESL] Oceanborn

Players

MaNa - Winner!

  • Race: Protoss Protoss
  • Spawn Location: 11:00

milkicow

  • Race: Terran Terran
  • Spawn Location: 5:00

Event: ESL SC2 Masters 2024 Spring (Regional)

VOD

Have the link to the VOD?

Description

Time

  • Played on: April 13, 2024, 12:52 p.m.
  • Length: 8:59

All games in this series

Show
View Real Time Build Order
Export as new Build Order

MaNa Protoss - Winner!

Build Orders:  

Get SALT Encoding   

  12  0:00  Probe  
  13  0:12  Probe  
  14  0:17  Pylon  
  14  0:24  Probe  
  15  0:35  Gateway  
  15  0:36  Probe (Chrono Boost)  
  16  0:46  Assimilator, Probe (Chrono Boost)  
  17  0:51  Probe (Chrono Boost)  
  18  1:03  Probe  
  19  1:15  Probe  
  20  1:21  Zealot (Chrono Boost)  
  20  1:24  Cybernetics Core  
  22  1:27  Probe  
  23  1:37  Pylon  
  23  1:55  Probe  
  23  2:01  Stalker  
  23  2:04  Warp Gate (Chrono Boost)  
  23  2:07  Probe  
  26  2:10  Nexus  
  26  2:19  Probe  
  26  2:20  Assimilator  
  27  2:30  Pylon  
  27  2:31  Probe  
  27  2:36  Stalker  
  30  2:45  Probe  
  31  2:51  Gateway  
  31  2:58  Gateway  
  31  3:00  Probe  
  32  3:07  Pylon  
  32  3:12  Probe  
  32  3:25  Probe x2  
  34  3:30  Twilight Council  
  34  3:37  Probe x2  
  36  3:47  Stalker  
  38  3:49  Stalker  
  38  3:53  Adept  
  42  4:01  Robotics Facility  
  42  4:04  Probe  
  42  4:06  Blink (Chrono Boost)  
  43  4:15  Probe (Chrono Boost)  
  43  4:17  Probe (Chrono Boost)  
  45  4:25  Shield Battery  
  45  4:27  Probe (Chrono Boost)  
  45  4:28  Probe (Chrono Boost)  
  47  4:32  Stalker x2  
  47  4:34  Probe (Chrono Boost)  
  47  4:35  Probe (Chrono Boost)  
  53  4:45  Observer (Chrono Boost), Probe  
  54  4:46  Probe  
  54  4:48  Pylon  
  56  4:53  Stalker  
  56  4:56  Assimilator  
  56  4:58  Probe x2  
  60  5:09  Nexus  
  60  5:11  Probe  
  59  5:23  Stalker x3  
  59  5:27  Probe x2  
  67  5:34  Pylon  
  67  5:39  Probe x2  
  67  5:51  Zealot, Shield Battery  
  69  5:58  Probe x2  
  69  5:59  Immortal  
  75  6:10  Probe  
  77  6:18  Probe  
  77  6:19  Charge (Chrono Boost)  
  77  6:20  Gateway  
  77  6:22  Gateway  
  77  6:23  Observer, Probe, Gateway  
  77  6:24  Gateway  
  78  6:32  Probe  
  73  6:36  Probe x2  
  73  6:37  Stalker x3  
  81  6:44  Probe  
  82  6:48  Robotics Bay, Probe  
  82  6:51  Immortal (Chrono Boost)  
  87  6:54  Probe  
  88  7:02  Shield Battery  
  84  7:17  Probe  
  84  7:18  Probe  
  84  7:20  Warp Prism (Chrono Boost)  
  84  7:22  Pylon  
  88  7:23  Pylon  
  88  7:28  Forge  
  88  7:33  Nexus  
  88  7:36  Pylon  
  87  7:41  Zealot  
  87  7:42  Pylon  
  87  7:44  Colossus (Chrono Boost)  
  89  7:46  Sentry  
  89  7:50  Zealot x3  
  103  7:52  Probe x2  
  103  7:53  Probe  
  106  7:58  Zealot, Stalker  
  110  8:06  Pylon  
  110  8:11  Assimilator  
  110  8:12  Assimilator  
  110  8:13  Pylon  
  110  8:14  Pylon  
  110  8:16  Pylon  
  110  8:18  Zealot, Stalker  
  114  8:25  Shield Battery  
  114  8:39  Zealot x5  
  130  8:43  Zealot  
Show
View Real Time Build Order
Export as new Build Order

milkicow Terran 

Build Orders:  

Get SALT Encoding   

  12  0:00  SCV  
  13  0:12  SCV  
  14  0:17  Supply Depot  
  14  0:24  SCV  
  15  0:39  SCV  
  15  0:40  Barracks  
  16  0:46  Refinery  
  16  0:51  SCV  
  17  0:59  Refinery  
  17  1:05  SCV  
  18  1:15  Engineering Bay  
  18  1:18  SCV  
  19  1:31  SCV  
  20  1:35  Barracks  
  20  1:44  SCV  
  21  1:49  Reaper  
  22  1:59  Orbital Command  
  21  2:08  Command Center  
  21  2:12  Supply Depot  
  21  2:23  Factory  
  21  2:27  SCV  
  22  2:30  Reaper  
  23  2:37  Supply Depot  
  23  2:41  SCV  
  24  2:47  Refinery  
  24  2:53  SCV  
  25  3:05  SCV  
  26  3:09  Starport  
  26  3:17  SCV  
  28  3:21  Orbital Command  
  28  3:22  Factory Tech Lab  
  25  3:30  SCV  
  26  3:42  SCV  
  26  3:44  Siege Tank  
  26  3:45  Barracks  
  26  3:48  SCV  
  31  3:50  Barracks  
  31  3:52  Viking  
  31  3:54  SCV  
  34  4:00  SCV  
  35  4:07  SCV  
  35  4:08  Barracks Reactor  
  35  4:12  SCV  
  33  4:19  SCV  
  33  4:21  Siege Tank  
  36  4:24  SCV  
  36  4:31  SCV  
  38  4:32  Marine  
  38  4:33  Starport Tech Lab  
  38  4:36  SCV  
  38  4:37  Marine  
  41  4:43  SCV  
  41  4:44  Marine x2  
  44  4:48  SCV  
  44  4:49  Supply Depot  
  45  4:53  Siege Tank  
  45  4:55  SCV  
  45  4:57  Orbital Command  
  45  4:58  Marauder  
  51  5:00  Marine  
  52  5:09  SCV  
  52  5:10  Marine  
  54  5:17  Marine  
  54  5:20  Marauder  
  55  5:24  SCV x2, Bunker  
  55  5:27  Starport Reactor  
  57  5:30  Stimpack  
  57  5:36  SCV  
  57  5:37  SCV, Refinery  
  57  5:41  Marauder  
  61  5:45  Supply Depot  
  61  5:48  SCV, Engineering Bay  
  62  5:55  SCV  
  62  6:02  Marine  
  62  6:03  SCV  
  61  6:04  Combat Shield  
  61  6:05  Marauder  
  61  6:06  Marine  
  61  6:10  SCV  
  61  6:15  SCV  
  61  6:19  Marauder  
  61  6:20  Marine  
  61  6:24  SCV, Supply Depot, Marine  
  64  6:26  Marauder  
  64  6:27  SCV  
  59  6:36  SCV  
  59  6:38  Marine  
  59  6:39  SCV  
  59  6:41  Marauder  
  59  6:42  Marine  
  59  6:45  Supply Depot  
  59  6:46  Starport Reactor  
  62  6:47  Marine  
  62  6:48  SCV  
  62  6:49  Terran Infantry Weapons Level 1  
  64  6:54  Factory Reactor  
  64  6:56  Supply Depot, Marine  
  64  6:59  Marine  
  64  7:00  SCV  
  67  7:01  Marine  
  67  7:02  SCV  
  67  7:05  Marauder  
  70  7:10  Starport Reactor  
  70  7:13  SCV, Marine  
  72  7:17  Marine  
  72  7:20  Marauder  
  75  7:23  Concussive Shells  
  75  7:24  Supply Depot  
  75  7:27  Marauder  
  75  7:31  Marine  
  75  7:33  Widow Mine x2  
  75  7:35  Marine  
  81  7:42  Marauder  
  83  7:45  Command Center  
  83  7:48  Marine  
  83  7:49  Marine  
  83  7:50  Medivac  
  67  7:51  Medivac  
  87  7:53  Marine  
  87  7:55  Refinery  
  90  8:03  Marine  
  91  8:06  SCV, Marauder  
  91  8:07  Marine  
  91  8:09  Supply Depot  
  91  8:12  Widow Mine x2  
  99  8:17  Supply Depot  
  99  8:18  Marine  
  100  8:21  Marauder  
  102  8:31  SCV x2, Marauder  
  102  8:32  Barracks  
  108  8:36  Marine  
  108  8:37  Barracks  
  108  8:40  Marine  
Tags
 
Add a new tag
Caveats
  • Supply blocks, unpowered buildings, or Contaminate may cause inaccurate times.
  • Supply counts are checked every 10 seconds.